[Event "ICC tourney 1910 (25 10)"]
[Site "Internet Chess Club"]
[Date "2020.07.11"]
[Round "2"]
[White "arjunk2011"]
[Black "twrchess"]
[Result "0-1"]
[ICCResult "White checkmated"]
[WhiteElo "1135"]
[BlackElo "1312"]
[Opening "R?ti: King's Indian attack"]
[ECO "A08"]
[NIC "QP.09"]
[Time "13:45:36"]
[TimeControl "1500+10"]

1. Nf3 d5 2. g3 c5 3. Bg2 Nf6 4. O-O Nc6 5. d3 e5 6. Nbd2 Bd6 7. e4 d4 8.
Nc4 O-O 9. Ne1 b5 10. Nxd6 Qxd6 11. f4 Bg4 12. Nf3 Rac8 13. Qe1 h6 14. fxe5
Nxe5 15. Nxe5 Qxe5 16. Bf4 Qe6 17. Qd2 Nh5 18. Rfe1 Nxf4 19. Qxf4 Bh3 20.
Bh1 g5 21. Qf2 Qe5 22. Bg2 Bxg2 23. Qxg2 Rce8 24. a4 b4 25. b3 f5 26. Re2 f4
27. gxf4 Rxf4 28. Rf1 Ref8 29. Rxf4 Qxf4 30. Rf2 Qc1+ 31. Rf1 Qe3+ 32. Rf2
Qc1+ 33. Rf1 Rxf1+ 34. Qxf1 Qxc2 35. h4 Qd2 36. hxg5 Qxg5+ 37. Qg2 Kf7 38.
Qxg5 hxg5 39. Kf2 Kg6 40. Kg2 g4 41. Kg3 Kg5 42. Kg2 Kf4 43. Kf2 g3+ 44. Kg2
Kg4 45. Kg1 Kf4 46. Kg2 Kg4 47. e5 Kf5 48. e6 Kxe6 49. Kxg3 Kf5 50. Kf2 Kf4
51. Ke2 Kg3 52. Kd2 Kf2 53. Kc2 Ke3 54. a5 a6 55. Kb2 Kxd3 56. Kc1 Ke2 57.
Kc2 d3+ 58. Kb2 d2 59. Ka2 d1=Q 60. Kb2 Qd8 61. Kc2 Qxa5 62. Kb2 Qa3+ 63.
Kc2 a5 64. Kb1 Qxb3+ 65. Ka1 Qd3 66. Kb2 c4 67. Kc1 Qd2+ 68. Kb1 c3 69. Ka1
Qb2# {White checkmated} 0-1

[Event "ICC tourney 1910 (25 10)"]
[Site "Internet Chess Club"]
[Date "2020.07.11"]
[Round "2"]
[White "Maximusiv"]
[Black "ivangoponenko"]
[Result "0-1"]
[ICCResult "White resigns"]
[WhiteElo "1334"]
[BlackElo "1580"]
[Opening "Evans gambit"]
[ECO "C51"]
[NIC "IG.05"]
[Time "13:44:46"]
[TimeControl "1500+10"]

1. e4 e5 2. Nf3 Nc6 3. Bc4 Bc5 4. b4 Bxb4 5. c3 Bc5 6. d4 exd4 7. O-O Nf6 8.
cxd4 Bb4 9. Qb3 O-O 10. d5 Nxe4 11. dxc6 Bc5 12. cxd7 Qxd7 13. Rd1 Bxf2+ 14.
Kf1 Qg4 15. Ne5 Qf5 16. Nxf7 Be3+ 17. Ke2 Qf2+ 18. Kd3 Nc5+ 19. Kc3 Nxb3 20.
Nh6+ Kh8 21. Nf7+ Rxf7 22. Bxf7 Nd4 23. Bxe3 Qxe3+ 24. Rd3 Qe5 25. Rxd4 c5
{White resigns}
0-1

[Event "ICC tourney 1910 (25 10)"]
[Site "Internet Chess Club"]
[Date "2020.07.11"]
[Round "2"]
[White "ChessStar22"]
[Black "ABecker755"]
[Result "1-0"]
[ICCResult "Black checkmated"]
[WhiteElo "1489"]
[BlackElo "1397"]
[Opening "Nimzo-Indian defense"]
[ECO "E20"]
[NIC "NI.30"]
[Time "13:45:36"]
[TimeControl "1500+10"]

1. d4 Nf6 2. c4 e6 3. Nc3 Bb4 4. Bd2 O-O 5. Nf3 c5 6. e3 Nc6 7. Bd3 cxd4 8.
exd4 b6 9. O-O Ba6 10. a3 Bxc3 11. Bxc3 d5 12. b3 dxc4 13. bxc4 Qc7 14. Re1
Rad8 15. Be2 Rd6 16. Bb4 Nxb4 17. axb4 Bb7 18. c5 bxc5 19. bxc5 Rd5 20. Bc4
Rf5 21. Qb3 Bxf3 22. Bxe6 Bd5 23. Bxd5 Nxd5 24. Qa4 Rh5 25. g3 Rh6 26. Re8
Re6 27. Rxe6 fxe6 28. Qxa7 Qxa7 29. Rxa7 Rf7 30. Ra6 Re7 31. Kg2 Kf7 32. Kf3
Rc7 33. Ke4 Nb4 34. Rb6 Nc6 35. d5 exd5+ 36. Kxd5 Ne7+ 37. Kd6 Ra7 38. g4
Nc8+ 39. Kc6 Nxb6 40. cxb6 Ra6 41. Kc7 Rxb6 42. Kxb6 Kf6 43. f4 g6 44. Kc6
Ke6 45. Kc5 h6 46. Kd4 Kd6 47. Ke4 Ke6 48. h4 Kf6 49. Kd5 h5 50. gxh5 gxh5
51. Ke4 Ke6 52. f5+ Kf6 53. Kf4 Ke7 54. Kg5 Kf7 55. Kxh5 Kf6 56. Kg4 Kf7 57.
Kg5 Kg7 58. h5 Kh7 59. f6 Kg8 60. Kg6 Kf8 61. f7 Ke7 62. Kg7 Ke6 63. f8=Q
Ke5 64. h6 Ke6 65. h7 Kd7 66. h8=Q Kc6 67. Qh6+ Kb7 68. Qf7+ Kc8 69. Qh8#
{Black checkmated}
1-0

[Event "ICC tourney 1910 (25 10)"]
[Site "Internet Chess Club"]
[Date "2020.07.11"]
[Round "2"]
[White "iamlifamily"]
[Black "SamLightning"]
[Result "0-1"]
[ICCResult "White checkmated"]
[WhiteElo "1388"]
[BlackElo "1534"]
[Opening "Sicilian: Hungarian variation"]
[ECO "B27"]
[NIC "SI.43"]
[Time "13:44:46"]
[TimeControl "1500+10"]

1. e4 c5 2. Nf3 g6 3. c3 Bg7 4. d4 cxd4 5. cxd4 d5 6. e5 Nh6 7. Nc3 Nc6 8.
Bb5 Bg4 9. h3 Bxf3 10. Qxf3 Nf5 11. Qd1 O-O 12. Bxc6 bxc6 13. O-O Qb6 14.
Ne2 c5 15. Nc3 e6 16. Na4 Qb4 17. Nxc5 Qxd4 18. Qxd4 Nxd4 19. Kh1 Rfc8 20.
Nd3 Rc2 21. Be3 Nf5 22. Bf4 Rac8 23. Rac1 Nd4 24. Be3 Rxc1 25. Rxc1 Rxc1+
26. Bxc1 Nc6 27. f4 f6 28. exf6 Bxf6 29. g4 e5 30. fxe5 Nxe5 31. Nxe5 Bxe5
32. b3 d4 33. Bd2 Kf7 34. Kg2 Ke6 35. Kf3 Kd5 36. a4 a6 37. Be1 Bd6 38. Bd2
Ba3 39. Kf4 Bb2 40. Kf3 Kc5 41. Ke4 Bc3 42. Bxc3 dxc3 43. Kd3 Kb4 44. Kc2 g5
45. a5 h6 46. Kb1 Kxb3 47. Ka1 c2 48. h4 c1=R# {White checkmated} 0-1

[Event "ICC tourney 1910 (25 10)"]
[Site "Internet Chess Club"]
[Date "2020.07.11"]
[Round "2"]
[White "IplayLikeTrash"]
[Black "Deveshc"]
[Result "1-0"]
[ICCResult "Black checkmated"]
[WhiteElo "1588"]
[BlackElo "1441"]
[Opening "Queen's pawn, Mason variation"]
[ECO "D00"]
[NIC "QP.08"]
[Time "13:45:01"]
[TimeControl "1500+10"]

1. d4 d5 2. Bf4 Nf6 3. e3 e6 4. Nf3 Nbd7 5. Bd3 a6 6. c3 Be7 7. Nbd2 b5 8.
h3 Bb7 9. O-O O-O 10. Qc2 c5 11. Rfe1 cxd4 12. exd4 h6 13. Ne5 Rc8 14. Nxd7
Qxd7 15. Nf3 b4 16. Ne5 Qd8 17. Qd2 a5 18. Rac1 a4 19. cxb4 Qb6 20. a3 Rxc1
21. Rxc1 Nh5 22. Nd7 Qd8 23. Nxf8 Nxf4 24. Qxf4 Bg5 25. Qc7 Qxf8 26. Rc2 Qa8
27. Bb5 Bf6 28. Qc5 Qd8 29. Bxa4 e5 30. dxe5 Bxe5 31. Bc6 Bxc6 32. Qxc6 Kh7
33. Rd2 d4 34. Rd3 f5 35. a4 Qg5 36. a5 Qf4 37. g3 Qg5 38. a6 Bb8 39. Rxd4
Qe7 40. Qb7 Qe1+ 41. Kg2 Qe8 42. a7 Bxa7 43. Qxa7 Qc6+ 44. Kh2 Qf3 45. Rd7
Kg6 46. Rxg7+ Kh5 47. Qf7# {Black checkmated} 1-0

[Event "ICC tourney 1910 (25 10)"]
[Site "Internet Chess Club"]
[Date "2020.07.11"]
[Round "2"]
[White "Supersamraat"]
[Black "chessisfunsp"]
[Result "0-1"]
[ICCResult "White checkmated"]
[WhiteElo "1434"]
[BlackElo "1625"]
[Opening "Queen's pawn: London system"]
[ECO "A45"]
[NIC "QP.07"]
[Time "13:45:03"]
[TimeControl "1500+10"]

1. d4 Nf6 2. Bf4 c5 3. e3 Qb6 4. b3 Nc6 5. Nf3 Nd5 6. Bg3 cxd4 7. Nxd4 e5 8.
Nxc6 dxc6 9. Bxe5 Be6 10. Bd3 Bb4+ 11. c3 O-O-O 12. Qe2 f6 13. O-O fxe5 14.
cxb4 Qxb4 15. Bc4 Bf5 16. e4 Nf4 17. Qe3 Be6 18. Bxe6+ Nxe6 19. Qxa7 Nd4 20.
Na3 Kc7 21. Qa4 Qxa4 22. bxa4 Ra8 23. Nc4 Rxa4 24. Nxe5 Ne2+ 25. Kh1 Rxe4
26. Nd3 Rc8 27. Rab1 b6 28. Rb2 Rd8 29. Nc1 Nc3 30. Rc2 Nd5 31. Kg1 c5 32.
Nb3 Nb4 33. Rb2 Nd3 34. Rc2 Rde8 35. g3 Nb4 36. Rd2 Re2 37. Rfd1 Rxd2 38.
Rxd2 Kc6 39. Kg2 c4 40. Nd4+ Kc5 41. Nf5 c3 42. Rd7 Nd5 43. Ne3 Rxe3 44.
fxe3 c2 45. e4 Ne3+ 46. Kf3 Nc4 47. Rc7+ Kb4 48. e5 c1=Q 49. Ke4 Nd2+ 50.
Kd3 Qxc7 51. Kxd2 Qxe5 52. Kc2 Qe2+ 53. Kb1 Kc3 54. Ka1 Qd1# {White
checkmated} 0-1

[Event "ICC tourney 1910 (25 10)"]
[Site "Internet Chess Club"]
[Date "2020.07.11"]
[Round "2"]
[White "ruhanv"]
[Black "jvinamra"]
[Result "0-1"]
[ICCResult "White checkmated"]
[WhiteElo "1352"]
[BlackElo "1427"]
[Opening "Queen's bishop game"]
[ECO "A45"]
[NIC "QP.07"]
[Time "13:44:47"]
[TimeControl "1500+10"]

1. d4 Nf6 2. Bf4 d5 3. Nf3 Bf5 4. e3 a6 5. Bd3 Bxd3 6. Qxd3 Nc6 7. c3 e6 8.
Nbd2 Nh5 9. Bg3 Nxg3 10. hxg3 Bd6 11. Rxh7 Rg8 12. O-O-O b5 13. a3 Na5 14.
Rdh1 Kd7 15. Ne5+ Bxe5 16. dxe5 c5 17. Rd1 Qg5 18. Ne4 Nb3+ 19. Kc2 c4 20.
Qe2 Qxe5 21. Qf3 Ke7 22. Nd2 Nc5 23. Rh5 Qf6 24. Qe2 Qg6+ 25. e4 Rac8 26.
Re5 f6 27. Qh5 Qxh5 28. Rxh5 dxe4 29. Re1 f5 30. f3 exf3 31. Nxf3 Kf6 32.
Reh1 Ne4 33. R1h3 Rcd8 34. Nd4 Nf2 35. R3h4 g5 36. Rh6+ Rg6 37. Nxe6 Re8 38.
Rxg6+ Kxg6 39. Nxg5 Kxg5 40. Rd4 Ne4 41. Kb1 Kg4 42. Rd5 Rf8 43. Rd7 Kxg3
44. Rg7+ Kf4 45. Ra7 Rf6 46. Rg7 Ke5 47. Re7+ Kd6 48. Rg7 f4 49. Rg4 Ke5 50.
Rh4 Rg6 51. Rh2 Nf6 52. Ka2 Nd5 53. Rh5+ Ke4 54. Rh2 Ne3 55. b3 Nxg2 56. Rh1
Ne3 57. Re1 f3 58. Kb2 Rg2+ 59. Kc1 Rc2+ 60. Kb1 Rxc3 61. Kb2 Rxb3+ 62. Kc1
f2 63. Rh1 f1=Q+ 64. Rxf1 Nxf1 65. Kc2 Rxa3 66. Kb2 Rb3+ 67. Ka1 c3 68. Ka2
Rb4 69. Ka3 a5 70. Ka2 c2 71. Ka1 c1=Q+ 72. Ka2 Qb2# {White checkmated} 0-1

[Event "ICC tourney 1910 (25 10)"]
[Site "Internet Chess Club"]
[Date "2020.07.11"]
[Round "2"]
[White "sujay2010"]
[Black "CheddarCheng1"]
[Result "1/2-1/2"]
[ICCResult "Game drawn by mutual agreement"]
[WhiteElo "1627"]
[BlackElo "1501"]
[Opening "Queen's pawn: London system"]
[ECO "A45"]
[NIC "QP.07"]
[Time "13:45:36"]
[TimeControl "1500+10"]

1. d4 Nf6 2. Bf4 g6 3. e3 Bg7 4. Bd3 O-O 5. Nd2 d6 6. h3 Nc6 7. a3 e5 8.
dxe5 dxe5 9. Bh2 Nd7 10. c3 f5 11. e4 Nc5 12. Bc2 Nd3+ 13. Bxd3 Qxd3 14. f3
fxe4 15. Nxe4 Qe3+ 16. Qe2 Qxe2+ 17. Nxe2 Bf5 18. N2g3 Rad8 19. O-O Bh6 20.
Nxf5 gxf5 21. Nc5 Be3+ 22. Kh1 Bxc5 23. Rfe1 Bd6 24. Rad1 Kh8 25. c4 Rde8
26. b4 a6 27. c5 Be7 28. Bxe5+ Nxe5 29. Rxe5 Bg5 30. Red5 Rg8 31. Rxf5 Re2
32. f4 Bh4 33. Rg1 Bf2 34. Rd1 Be3 35. Re5 Rgxg2 36. Rxe3 Rh2+ 37. Kg1 Rxe3
38. Kxh2 Rxa3 39. Rd8+ Kg7 40. Rd7+ Kf6 41. Rxc7 Kf5 42. Rxb7 Kxf4 43. Rxh7
Ra2+ 44. Kg1 Kf3 45. Rf7+ Kg3 46. Rg7+ Kxh3 47. c6 Rc2 48. c7 Kh4 49. Rg6
Rxc7 50. Rxa6 Kg3 51. Rg6+ Kf4 52. Rf6+ Ke5 53. Rh6 Rb7 54. Rh4 Kd5 55. Kf2
Kc6 56. Ke3 Kb5 57. Kd3 Ka4 58. Kc3 Ka3 59. Rc4 Ka4 60. Rc8 Kb5 61. Kb3 Rb6
62. Rc5+ Ka6 63. Ka4 Kb7 64. Rb5 Kc6 65. Rc5+ Kb7 66. b5 Rf6 67. Ka5 Re6 68.
Rh5 Re7 69. Rh6 Rf7 70. Rb6+ Ka7 71. Rc6 Kb7 72. Rc5 Rf6 73. Rg5 Rf7 74. Rg6
Re7 75. Kb4 Rh7 76. Ka5 Re7 77. Kb4 Rh7 78. Kc5 Rc7+ 79. Kd5 Rh7
{Game drawn by mutual agreement}
1/2-1/2

[Event "ICC tourney 1910 (25 10)"]
[Site "Internet Chess Club"]
[Date "2020.07.11"]
[Round "2"]
[White "DEEEFENDER"]
[Black "ChemStud24"]
[Result "0-1"]
[ICCResult "White resigns"]
[WhiteElo "1442"]
[BlackElo "1536"]
[Opening "Queen's pawn game"]
[ECO "E00"]
[NIC "QP.07"]
[Time "13:44:44"]
[TimeControl "1500+10"]

1. d4 Nf6 2. c4 e6 3. a3 b6 4. Nc3 Bb7 5. Qc2 d5 6. h3 Be7 7. Bf4 O-O 8. e3
Ne4 9. Nb5 Na6 10. Nf3 c6 11. Nc3 Nxc3 12. Qxc3 Rc8 13. Bd3 c5 14. O-O cxd4
15. Nxd4 dxc4 16. Bc2 Bf6 17. Rad1 Qd5 18. e4 Qc5 19. e5 Bxe5 20. Bxe5 Qxe5
21. Rfe1 Qg5 22. Qg3 Qxg3 23. fxg3 Nc5 24. g4 Rfe8 25. Nf3 Rcd8 26. Ne5 b5
27. Rf1 f6 28. Nf3 e5 29. Rfe1 Rxd1 30. Rxd1 e4 31. Nh4 e3 32. Re1 Nd3 33.
Re2 Nf4 34. Re1 e2 35. Kf2 Nd3+ 36. Bxd3 cxd3 37. Nf3 Bd5 38. Nd2 Bc4 39. b3
Bf7 40. g3 a5 41. h4 h5 42. gxh5 Bxh5 43. Kg2 Rc8 44. Kf2 Rc2 45. Ke3 Bg6
46. Ra1 Bh7 47. Nf3 Rb2 48. Nd2 Kf7 49. a4 b4 50. g4 Rc2 51. Re1 Rc3 52. Kd4
Ke6 53. Ke3 Kd5 54. Kf2 f5 55. g5 g6 56. Ke3 Bg8 57. Kf2 Ke5 58. Kf3 Bxb3
59. Ke3 Bxa4 60. Nf3+ Kd5 61. Kd2 Rc2+ 62. Kxd3 Rc3+ 63. Kxe2 Bb5+ 64. Kf2
Rc2+ 65. Kg1 Re2 66. Rd1+ Kc4 67. Rc1+ Kd3 68. h5 gxh5 69. g6 Re7 70. Kh2 b3
71. g7 Rxg7 72. Ne5+ Kd2 73. Rb1 Kc2 74. Rf1 b2 75. Rf2+ Kb1 76. Nf3 Ka1 77.
Nd2 Bd3 78. Nb3+ Ka2 79. Nc1+ Ka1 80. Nb3+ Kb1 81. Nd2+ Kc2 82. Nf1+ Kc1 83.
Ne3 b1=Q 84. Kh3 Qb6 85. Kh4 Qxe3 86. Rf3 Qg5+ {White resigns} 0-1

[Event "ICC tourney 1910 (25 10)"]
[Site "Internet Chess Club"]
[Date "2020.07.11"]
[Round "3"]
[White "ruhanv"]
[Black "ab4gm"]
[Result "1-0"]
[ICCResult "Black checkmated"]
[WhiteElo "1364"]
[BlackElo "1158"]
[Opening "Queen's pawn, Mason variation"]
[ECO "D00"]
[NIC "QP.08"]
[Time "15:30:08"]
[TimeControl "1500+10"]

1. d4 d5 2. Bf4 Nc6 3. Nf3 Bf5 4. c3 Nf6 5. e3 e6 6. Bd3 Ne4 7. Qc2 Bd6 8.
Bg3 O-O 9. Nbd2 Nxg3 10. hxg3 Bxd3 11. Qxd3 Qf6 12. Qxh7# {Black checkmated}
1-0

[Event "ICC tourney 1910 (25 10)"]
[Site "Internet Chess Club"]
[Date "2020.07.11"]
[Round "3"]
[White "CheddarCheng1"]
[Black "ChessStar22"]
[Result "1-0"]
[ICCResult "Black resigns"]
[WhiteElo "1551"]
[BlackElo "1439"]
[Opening "Caro-Kann: advance variation"]
[ECO "B12"]
[NIC "CK.04"]
[Time "15:30:13"]
[TimeControl "1500+10"]

1. e4 c6 2. d4 d5 3. e5 Bf5 4. Nf3 e6 5. Be2 c5 6. c3 cxd4 7. cxd4 Bb4+ 8.
Nc3 Nc6 9. a3 Ba5 10. b4 Bb6 11. O-O a6 12. Bb2 Bg4 13. Na4 Ba7 14. Nc5 b6
15. Nxa6 Qc8 16. b5 Nb8 17. Rc1 Qd7 18. Nc7+ Kf8 19. Nxa8 Ne7 20. Rc7 Qe8
21. Rxa7 Bxf3 22. Bxf3 Qxb5 23. Qc2 g6 24. Rxe7 Kxe7 25. Qc7+ Nd7 26. Nxb6
Rb8 27. Nxd7 Qb6 28. Nxb6+ {Black resigns} 1-0

[Event "ICC tourney 1910 (25 10)"]
[Site "Internet Chess Club"]
[Date "2020.07.11"]
[Round "3"]
[White "wildrumpus"]
[Black "arjunk2011"]
[Result "1-0"]
[ICCResult "Black checkmated"]
[WhiteElo "1517"]
[BlackElo "1133"]
[Opening "Queen's pawn game"]
[ECO "A45"]
[NIC "QP.07"]
[Time "15:30:31"]
[TimeControl "1500+10"]

1. d4 Nf6 2. e3 g6 3. Be2 Bg7 4. Nf3 O-O 5. O-O d6 6. b3 Nbd7 7. Bb2 Re8 8.
c4 e5 9. dxe5 Nxe5 10. Nxe5 dxe5 11. Qxd8 Rxd8 12. Bxe5 c6 13. h3 Re8 14.
Bd4 b6 15. Bf3 Bb7 16. Nd2 Rab8 17. Rad1 c5 18. Bxf6 Bxf6 19. Bxb7 Rxb7 20.
Nf3 Bg7 21. Rd3 Ra8 22. Rfd1 Rbb8 23. Rd7 a5 24. R1d5 a4 25. Ne5 Bxe5 26.
Rxe5 axb3 27. axb3 Ra2 28. Ree7 Rb2 29. Rxf7 Rxb3 30. Rg7+ Kf8 31. Rxh7 Ke8
32. Ra7 Rb1+ 33. Kh2 Rh1+ 34. Kxh1 Kf8 35. Rh8# {Black checkmated} 1-0

[Event "ICC tourney 1910 (25 10)"]
[Site "Internet Chess Club"]
[Date "2020.07.11"]
[Round "3"]
[White "EthanDember"]
[Black "oxdidi"]
[Result "0-1"]
[ICCResult "White resigns"]
[WhiteElo "1176"]
[BlackElo "1240"]
[Opening "Ruy Lopez: Archangelsk (counterthrust) variation"]
[ECO "C78"]
[NIC "RL.12"]
[Time "15:30:21"]
[TimeControl "1500+10"]

1. e4 e5 2. Nf3 Nc6 3. Bb5 a6 4. Ba4 Nf6 5. O-O b5 6. Bb3 Bb7 7. Re1 Bc5 8.
Nxe5 Nxe5 9. d4 Bd6 10. dxe5 Bxe5 11. f4 Bd6 12. e5 Bc5+ 13. Be3 Bxe3+ 14.
Rxe3 Qe7 15. Qe2 Nd5 16. Rd3 Nxf4 17. Qg4 Qc5+ 18. Kh1 Bxg2+ 19. Qxg2 Nxg2
20. Kxg2 Qxe5 21. Nc3 Qg5+ 22. Rg3 Qd2+ 23. Kh3 Qh6+ 24. Kg2 O-O 25. Bd5
Qd2+ 26. Kh3 Rad8 27. Rag1 g6 28. Be4 Rfe8 29. Bd3 Qh6+ 30. Kg2 d5 31. Rh3
Qd2+ 32. Kh1 Re1 33. Rg3 Rxg1+ 34. Rxg1 Re8 35. Ne2 Rxe2 {White resigns} 0-1

[Event "ICC tourney 1910 (25 10)"]
[Site "Internet Chess Club"]
[Date "2020.07.11"]
[Round "3"]
[White "tasawyer81"]
[Black "Chris0708"]
[Result "0-1"]
[ICCResult "White resigns"]
[WhiteElo "1153"]
[BlackElo "1188"]
[Opening "QGD: Tarrasch defense"]
[ECO "D32"]
[NIC "TD.11"]
[Time "15:29:55"]
[TimeControl "1500+10"]

1. d4 d5 2. c4 e6 3. Nc3 c5 4. cxd5 exd5 5. Nf3 Nf6 6. Qc2 Be7 7. Bf4 Nc6 8.
e3 O-O 9. Bb5 Bg4 10. Ne5 Nxe5 11. dxe5 Nd7 12. O-O a6 13. Be2 Bxe2 14. Qxe2
Nb6 15. Rad1 Qd7 16. e4 d4 17. Nd5 Nxd5 18. exd5 Qxd5 19. Qg4 Qe6 20. Qf3
Rab8 21. h3 Qxa2 22. e6 Qxe6 23. Bxb8 Rxb8 24. Rfe1 Qf6 25. Qxf6 Bxf6 26. g4
b5 27. Re4 c4 28. Rde1 h6 29. Re8+ Rxe8 30. Rxe8+ Kh7 31. Ra8 c3 32. bxc3
dxc3 33. Rc8 b4 34. Kf1 a5 35. Ke1 b3 36. Kd1 a4 37. Kc1 a3 38. Kb1 c2+ 39.
Kc1 b2+ 40. Kxc2 a2 41. Ra8 a1=Q 42. Kb3 Qxa8 {White resigns} 0-1

[Event "ICC tourney 1910 (25 10)"]
[Site "Internet Chess Club"]
[Date "2020.07.11"]
[Round "3"]
[White "vsmukund"]
[Black "Maximusiv"]
[Result "1-0"]
[ICCResult "Black checkmated"]
[WhiteElo "1499"]
[BlackElo "1332"]
[Opening "Scandinavian defense"]
[ECO "B01"]
[NIC "SD.03"]
[Time "15:31:30"]
[TimeControl "1500+10"]

1. e4 d5 2. exd5 Nf6 3. Nc3 Bg4 4. Be2 Bxe2 5. Ngxe2 Nxd5 6. Nxd5 Qxd5 7.
Nf4 Qc6 8. d3 g5 9. Ne2 Qxg2 10. Rg1 Qxh2 11. Bxg5 Rg8 12. Qd2 Bh6 13. Qb4
Rxg5 14. Rxg5 Bxg5 15. Qxb7 c6 16. Qc8# {Black checkmated} 1-0

[Event "ICC tourney 1910 (25 10)"]
[Site "Internet Chess Club"]
[Date "2020.07.11"]
[Round "3"]
[White "SamLightning"]
[Black "alanwangmd"]
[Result "1-0"]
[ICCResult "Black resigns"]
[WhiteElo "1554"]
[BlackElo "1398"]
[Opening "QGD: 4.Bg5 Be7"]
[ECO "D53"]
[NIC "QO.13"]
[Time "15:29:58"]
[TimeControl "1500+10"]

1. d4 d5 2. c4 e6 3. Nc3 Nf6 4. Bg5 Be7 5. Nf3 h6 6. Bf4 a6 7. e3 Nc6 8.
cxd5 exd5 9. a3 Be6 10. Bd3 Nh5 11. Be5 Nxe5 12. Nxe5 Nf6 13. O-O c6 14. f4
Bc8 15. g4 Nd7 16. Qf3 Nxe5 17. fxe5 O-O 18. Bf5 Bxf5 19. gxf5 f6 20. e6 Qd6
21. Kh1 Rfe8 22. Rg1 Bf8 23. Qh5 Kh8 24. Rg6 Re7 25. Rag1 c5 26. Qg4 b6 27.
Rxh6+ Kg8 28. Qh5 {Black resigns} 1-0

[Event "ICC tourney 1910 (25 10)"]
[Site "Internet Chess Club"]
[Date "2020.07.11"]
[Round "3"]
[White "jvinamra"]
[Black "AndreiM"]
[Result "0-1"]
[ICCResult "White checkmated"]
[WhiteElo "1398"]
[BlackElo "1392"]
[Opening "Caro-Kann: advance variation"]
[ECO "B12"]
[NIC "CK.04"]
[Time "15:30:08"]
[TimeControl "1500+10"]

1. e4 c6 2. d4 d5 3. e5 Bf5 4. Bd3 Bxd3 5. Qxd3 e6 6. Nf3 Nd7 7. Nc3 c5 8.
O-O cxd4 9. Nxd4 Nxe5 10. Qe2 Nc6 11. Ncb5 a6 12. Nc3 Nxd4 13. Qd3 Nc6 14.
Re1 Nf6 15. Bg5 Be7 16. Bxf6 Bxf6 17. Nxd5 Bxb2 18. Rab1 Bf6 19. Rxb7 O-O
20. Nxf6+ Qxf6 21. Rc7 Nb4 22. Qb3 Rfb8 23. Qc4 Qb2 24. Qf4 h6 25. Qxf7+ Kh8
26. h3 Qf6 27. Qxf6 gxf6 28. Rxe6 Rb5 29. Rxf6 Rh5 30. a3 Nd5 31. Rc5 Nxf6
32. Rxh5 Nxh5 33. g4 Nf4 34. Kh2 Re8 35. Kg3 Ng6 36. h4 Kg7 37. h5 Nf8 38.
Kf3 Re5 39. Kf4 Kf6 40. f3 Ne6+ 41. Kg3 Ng5 42. Kh4 Re3 43. f4 Rh3#
{White checkmated}
0-1

[Event "ICC tourney 1910 (25 10)"]
[Site "Internet Chess Club"]
[Date "2020.07.11"]
[Round "3"]
[White "chessisfunsp"]
[Black "jhuang3"]
[Result "1-0"]
[ICCResult "Black resigns"]
[WhiteElo "1660"]
[BlackElo "1451"]
[Opening "Sicilian: Alapin's variation (2.c3)"]
[ECO "B22"]
[NIC "SI.46"]
[Time "15:30:09"]
[TimeControl "1500+10"]

1. e4 c5 2. c3 d5 3. exd5 Qxd5 4. Nf3 Nc6 5. Na3 e5 6. Bc4 Qd8 7. O-O Bd6 8.
d4 cxd4 9. cxd4 exd4 10. Re1+ Nge7 11. Ng5 O-O 12. Qh5 Bf5 13. Bxf7+ Kh8 14.
g4 h6 15. gxf5 Nxf5 16. Nc4 Be7 17. Ne6 Qc8 18. Qxf5 Bf6 19. Bxh6 Rxf7 20.
Nd6 {Black resigns} 1-0

[Event "ICC tourney 1910 (25 10)"]
[Site "Internet Chess Club"]
[Date "2020.07.11"]
[Round "3"]
[White "Jeffchess"]
[Black "MadiChesskid"]
[Result "0-1"]
[ICCResult "White checkmated"]
[WhiteElo "1406"]
[BlackElo "1466"]
[Opening "two knights defense: Kieseritsky variation"]
[ECO "C58"]
[NIC "KP.01"]
[Time "15:30:32"]
[TimeControl "1500+10"]

1. e4 e5 2. Nf3 Nc6 3. Bc4 Nf6 4. Ng5 d5 5. exd5 Na5 6. d3 h6 7. Nf3 e4 8.
Qe2 Nxc4 9. dxc4 Bc5 10. h3 O-O 11. Nh2 Bf5 12. Be3 Bxe3 13. fxe3 Qd6 14.
O-O Bg6 15. Ng4 Nh5 16. Rd1 Ng3 17. Qf2 Bh5 18. c5 Qxc5 19. Qxg3 f5 20. Qe5
fxg4 21. Qxh5 Qxe3+ 22. Kh1 g3 23. Nc3 Qf2 24. Qe2 e3 25. Qxf2 gxf2 26. Rf1
Rae8 27. Ne2 Rd8 28. c4 b5 29. b3 bxc4 30. bxc4 c6 31. Rad1 cxd5 32. cxd5
Rc8 33. Rc1 Rb8 34. Rb1 Rxb1 35. Rxb1 f1=Q+ 36. Rxf1 Rxf1+ 37. Kh2 Rf2 38.
Ng3 e2 39. Nxe2 Rxe2 40. d6 Rd2 41. d7 Rxd7 42. Kg3 Rd2 43. Kf3 Rxa2 44. g3
g6 45. h4 a5 46. Ke3 Ra3+ 47. Kd4 a4 48. Ke4 Rxg3 49. Kd4 a3 50. h5 g5 51.
Ke5 a2 52. Kf5 a1=Q 53. Ke6 Re3+ 54. Kf5 Qa5+ 55. Kf6 Qe5+ 56. Kg6 Qe6#
{White checkmated}
0-1

[Event "ICC tourney 1910 (25 10)"]
[Site "Internet Chess Club"]
[Date "2020.07.11"]
[Round "3"]
[White "stephenwilly"]
[Black "sujay2010"]
[Result "1-0"]
[ICCResult "Black checkmated"]
[WhiteElo "1606"]
[BlackElo "1623"]
[Opening "Sicilian: Taimanov variation"]
[ECO "B49"]
[NIC "SI.39"]
[Time "15:30:08"]
[TimeControl "1500+10"]

1. e4 c5 2. Nf3 e6 3. d4 cxd4 4. Nxd4 Nc6 5. Be3 Qc7 6. Nc3 a6 7. Be2 Nf6 8.
f3 Be7 9. h4 b5 10. a3 Bb7 11. Qd2 Ne5 12. a4 Nc4 13. Bxc4 bxc4 14. Bf4 e5
15. Bh2 d6 16. Nf5 Bf8 17. Bg1 g6 18. Nh6 Ng8 19. Nxg8 Rxg8 20. Nd5 Qb8 21.
Nf6+ Ke7 22. Nxg8+ Ke6 23. Qg5 Qd8 24. Nh6 Be7 25. Qg4+ Kf6 26. Be3 Bc8 27.
Qg3 Rb8 28. O-O Rxb2 29. f4 Kg7 30. fxe5 Bxh4 31. Rxf7+ Kh8 32. Qf4 Be7 33.
Bd4 dxe5 34. Qxe5+ Bf6 35. Qxf6+ Qxf6 36. Bxf6# {Black checkmated} 1-0

[Event "ICC tourney 1910 (25 10)"]
[Site "Internet Chess Club"]
[Date "2020.07.11"]
[Round "3"]
[White "ivangoponenko"]
[Black "LChessMaster"]
[Result "0-1"]
[ICCResult "White checkmated"]
[WhiteElo "1556"]
[BlackElo "1634"]
[Opening "Sicilian: Najdorf, Lipnitzky attack"]
[ECO "B90"]
[NIC "SI.13"]
[Time "15:30:15"]
[TimeControl "1500+10"]

1. e4 c5 2. Nf3 d6 3. d4 cxd4 4. Nxd4 Nf6 5. Nc3 a6 6. Bc4 e5 7. Nf3 Be7 8.
O-O O-O 9. Re1 Be6 10. Bb3 Nbd7 11. h3 Nc5 12. Bxe6 fxe6 13. Bg5 h6 14. Bh4
Nfxe4 15. Nxe4 Bxh4 16. Nxc5 dxc5 17. Qxd8 Bxd8 18. Nxe5 Rc8 19. Ng4 Bf6 20.
Nxf6+ Rxf6 21. Re5 Kf7 22. Rd1 Ke7 23. g3 g5 24. Kg2 b6 25. Re2 Rd8 26. Red2
Rxd2 27. Rxd2 Rf5 28. g4 Rd5 29. Rxd5 exd5 30. Kf3 Ke6 31. Ke3 Ke5 32. c3 c4
33. b3 cxb3 34. axb3 a5 35. f3 b5 36. b4 a4 37. h4 a3 38. hxg5 hxg5 39. Kd3
a2 40. f4+ Kxf4 41. c4 dxc4+ 42. Kc2 a1=Q 43. Kd2 c3+ 44. Kc2 Qb2+ 45. Kd3
Qd2# {White checkmated} 0-1

[Event "ICC tourney 1910 (25 10)"]
[Site "Internet Chess Club"]
[Date "2020.07.11"]
[Round "3"]
[White "Chesschamp27"]
[Black "NimaiG"]
[Result "1-0"]
[ICCResult "Black resigns"]
[WhiteElo "1605"]
[BlackElo "1554"]
[Opening "Colle system"]
[ECO "D05"]
[NIC "QP.08"]
[Time "15:29:58"]
[TimeControl "1500+10"]

1. d4 d5 2. Nf3 Nf6 3. e3 e6 4. Bd3 c5 5. c3 Nbd7 6. O-O b6 7. Nbd2 Bb7 8.
Re1 a6 9. Nf1 Be7 10. b3 O-O 11. Qc2 Qc7 12. Ba3 Rfe8 13. Ng3 c4 14. Bxe7
cxd3 15. Qxd3 Rxe7 16. Rac1 Rc8 17. c4 Ree8 18. Ne2 dxc4 19. Rxc4 Qb8 20.
Rxc8 Rxc8 21. Nd2 Bd5 22. e4 Bb7 23. f3 b5 24. e5 Nd5 25. Ne4 Nb4 26. Qb1
Bxe4 27. fxe4 Qa8 28. Ng3 Qa7 29. Ne2 Qb7 30. Ng3 h6 31. Re2 Qa7 32. Rd2
Nxe5 33. a3 Nbc6 34. Ne2 Ng6 35. Kh1 a5 36. d5 Nce7 37. dxe6 fxe6 38. Nd4
Nc6 39. Nxb5 Qe3 40. Qd1 Rb8 41. a4 Nb4 42. h3 Qxe4 43. Rd8+ Rxd8 44. Qxd8+
Kh7 45. Nd6 Qb1+ 46. Kh2 Qxb3 47. Qxa5 Qc3 48. Nb5 Qe5+ 49. Kg1 Qe1+ 50. Kh2
e5 51. Qa7 Nf4 52. Qd7 Nbd5 53. Qf5+ Ng6 54. Nd6 Nf4 {Black resigns} 1-0